AoeStats
← jfittro25

Baltic

510401537Analyzed
2v2 RM · 3d ago on Sep 30, 2026· 17m 19s· 4 players
Game mode
Random Map
Map size
Medium (4 player)
Population
200
Speed
Normal
Resources
Standard
Victory
Conquest
Starting age
Dark Age
Ending age
Imperial Age
RankedLock teamsTeams togetherTeam positionsShared explorationLock speedFull tech treeHidden civsTurbo modeCheats
Victory
Defeat
🇲🇽 Italians · Mexico
1116
+13
🇦🇷 Byzantines · Argentina
987
+19
🇺🇸 Chinese · United States
1043
-46
🇫🇮 Vikings · Finland
1041
-16
jfittro25
3:14 Loom
18:28 Feudal Age
Lakupiippu
4:08 Loom
12:36 Feudal Age
Kiko10200
10:36 Feudal Age
11:02 Double-Bit Axe
12:19 Fishing Lines
12:35 Gold Mining
12:38 Loom
15:06 Fletching
15:27 Forging
prieto_matias
5:08 Loom
10:07 Feudal Age
10:48 Double-Bit Axe
11:31 Horse Collar
15:11 Scale Barding Armor
16:49 Forging
Connection lost

Rejoining the realm…

Still unreachable

The connection could not be restored.

Session expired

The server has moved on; the page needs a fresh start.